 Dungeon Crawl Stone Soup version 0.26-b1-32-g5d43845318 (webtiles) character file.

Game seed: 8618264286620789691

315 Sekiam the Ruffian (level 6, -2/59 HPs)
             Began as a Troll Fighter on Jan 10, 2021.
             Was a Follower of Makhleb.
             Slain by a howler monkey (3 damage)
             ... on level 4 of the Dungeon.
             The game lasted 00:04:20 (1884 turns).

Sekiam the Ruffian (Troll Fighter)                  Turns: 1884, Time: 00:04:21

Health: -2/59      AC:  6    Str: 27    XL:     6   Next: 20%
Magic:  5/5        EV:  9    Int:  4    God:    Makhleb [*.....]
Gold:   153        SH:  9    Dex:  9    Spells: 5/5 levels left

rFire    . . .     SeeInvis .     - Unarmed
rCold    . . .     Faith    .   b - +0 kite shield
rNeg     . . .     Spirit   .   o - +0 robe
rPois    .         Reflect  .   (helmet restricted)
rElec    .         Harm     .   (no cloak)
rCorr    .         Rampage  .   (gloves unavailable)
Will     .....     Rnd*Tele +   (boots unavailable)
Stlth    +.........             (no amulet)
HPRegen  0.59/turn              p - ring of teleportation (curse)
MPRegen  0.09/turn              (no ring)

@: mighty, lethally poisoned (-2 -> -2)
A: large, unfitting armour, claws 3, regeneration 1, shaggy fur 1, tough skin 3
a: Renounce Religion


You were on level 4 of the Dungeon.
You worshipped Makhleb.
Makhleb was aware of your devotion.
You visited 1 branch of the dungeon, and saw 6 of its levels.

You collected 153 gold pieces.

Inventory:

Armour
 a - a +0 robe
 b - a +0 kite shield (worn)
 o - a +0 robe (worn)
Jewellery
 p - a cursed ring of teleportation (left claw)
Scrolls
 d - a scroll of magic mapping {unknown}
 e - 3 scrolls of teleportation {unknown}
 f - 4 scrolls of remove curse {unknown}
Potions
 c - 2 potions of might
 g - 2 potions of lignification {unknown}
 h - 2 potions of mutation {unknown}
 i - a potion of flight {unknown}
 j - 2 potions of heal wounds {unknown}
 k - a potion of haste {unknown}
 l - a potion of curing {unknown}
 m - a potion of resistance {unknown}
 n - 2 potions of cancellation {unknown}


   Skills:
 + Level 2.8 Fighting
 + Level 3.3 Dodging
 + Level 0.1 Stealth
 + Level 3.6 Shields
 + Level 4.5 Unarmed Combat


You had 5 spell levels left.
You didn't know any spells.
Your spell library was empty.

Dungeon Overview and Level Annotations

Branches:
Dungeon (6/15)
 Temple: D:4-7

Altars:
Ashenzari
Dithmenos
Hepliaklqana
Makhleb
Okawaru
Uskayaw
Wu Jian
Xom

Annotations:
D:4 Menkaure


Innate Abilities, Weirdness & Mutations

You are too large for most types of armour.
You have claws for hands.
Your natural rate of healing is unusually fast.
You are covered in fur. (AC +1)
You have extremely tough skin. (AC +3)


Message History

* * * LOW HITPOINT WARNING * * *
The orc hits you but does no damage.
Unknown command.
You claw the adder!
You kill the adder!
Makhleb accepts your kill.
You feel better. The howler monkey hits you.
* * * LOW HITPOINT WARNING * * *
The ooze hits you but does no damage. The orc hits you but does no damage.
You block the orc's attack. Menkaure hits you.
* * * LOW HITPOINT WARNING * * *
The howler monkey hoots and howls with incredible vigour!
The ooze hits you.
* * * LOW HITPOINT WARNING * * *
You hear an angry hiss.
You hear a shout!
Unknown command.
You claw Menkaure!
Menkaure is moderately damaged.
You block the orc's attack. x2; The howler monkey hits you.
You die...

## ###o#####.
#.@Jh.....
#ohM..###.
...l....#
...#......#
##..#....#...
. #.
#.#.###### .
# #. .# ###.
.. .. #..
##.#


You could see Menkaure (fast), a howler monkey (catching breath), an iguana, a
hound, an ooze and 2 orcs.

Vanquished Creatures
  A bullfrog (D:6)
  A jelly (D:3)
  2 orc wizards (D:4)
  2 worker ants
  5 adders
  An ooze (D:2)
  2 worms
  3 leopard geckos
  5 orcs
  5 giant cockroaches
  4 goblins
  7 hobgoblins
  3 jackals (D:2)
  6 kobolds
  A quokka (D:6)
  A ball python (D:3)
  5 bats
  5 rats
59 creatures vanquished.

Notes
Turn   | Place    | Note
-------+----------+-------------------------------------------
     0 | D:1      | Sekiam the Troll Fighter began the quest for the Orb.
     0 | D:1      | Reached XP level 1. HP: 22/22 MP: 0/0
   304 | D:1      | You fall into a shaft and drop 1 floor!
   304 | D:2      | Found a faded altar of an unknown god.
   373 | D:2      | Reached XP level 2. HP: 29/29 MP: 1/1
   644 | D:2      | Found a burning altar of Makhleb.
   649 | D:2      | Reached XP level 3. HP: 36/36 MP: 2/2
   651 | D:2      | Found a hazy altar of Hepliaklqana.
   652 | D:2      | Found a hide-covered altar of Uskayaw.
   652 | D:2      | Found a broken altar of Ashenzari.
   652 | D:2      | Found an ornate altar of the Wu Jian Council.
   654 | D:2      | Found a shimmering altar of Xom.
   656 | D:2      | Found a shadowy altar of Dithmenos.
   715 | D:2      | Became a worshipper of Makhleb the Destroyer
   749 | D:2      | Found an iron altar of Okawaru.
  1106 | D:3      | Reached XP level 4. HP: 42/44 MP: 3/3
  1124 | D:3      | Reached skill level 3 in Unarmed Combat
  1253 | D:3      | Reached * piety under Makhleb
  1630 | D:3      | You fall into a shaft and drop 3 floors!
  1642 | D:6      | Noticed a bullfrog
  1652 | D:6      | Reached XP level 5. HP: 33/52 MP: 4/4
  1677 | D:6      | Reached skill level 4 in Unarmed Combat
  1768 | D:5      | Entered Level 5 of the Dungeon
  1867 | D:4      | Noticed Menkaure
  1873 | D:4      | Reached XP level 6. HP: 46/59 MP: 5/5
  1883 | D:4      | HP: 1/59 [ooze (3)]
  1884 | D:4      | Slain by a howler monkey

Illustrated notes

Levels and vault maps discovered:
D:1:      minmay_arrival_pointy, layout_basic, serial_bayou_pond_e
D:2:      layout_loops_ring, minitemple, chequers_ecumenical_altar_simple,
          kennysheep_okawaru_gauntlet
D:3:      layout_basic
D:4:      minmay_diamond_boxcup, layout_loops_ring,
          minmay_temple_entry_enclosed_plants, minmay_fractal_squares_gapless_5,
          uniq_sigmund, uniq_menkaure
D:5:      layout_rooms, nemelex_xobeh_ov_fountains_minmay,
          nicolae_ossuary_entry_false_entrances, hangedman_minor_gate_pass,
          uniq_grinder
D:6:      layout_basic, good_gods_temple_1, nicolae_sextant, minmay_pentangle

Skill      XL: |  1  2  3  4  5 |
---------------+----------------+-----
Shields        | 3 |  3.6
Unarmed Combat | 3 4 |  4.5
Dodging        | 3 |  3.3
Fighting       | |  2.8
Stealth        | |  0.1

Action                   |  1- 3 |  4- 6 || total
-------------------------+-------+-------++-------
Melee: Unarmed           |    74 |   102 ||   176
  Use: Potion            |       |     2 ||     2
Armor: Robe              |    25 |    29 ||    54
Dodge: Dodged            |    19 |    50 ||    69
Block: Kite shield       |    38 |    58 ||    96
